 Dungeon Crawl Stone Soup version 0.29.0-4-gdea44cf6ec (webtiles) character file.

Game seed: 9219679118290077217

4 qw the Sneak (level 1, 0/14 HPs)
             Began as a Gargoyle Delver on Sept 10, 2022.
             Slain by a jelly (1 damage)
             ... on level 5 of the Dungeon.
             The game lasted 00:00:02 (158 turns).

qw the Sneak (Gargoyle Delver)                       Turns: 158, Time: 00:00:03

Health: 0/14       AC: -2    Str: 15    XL:     1   Next: 70%
Magic:  1/1        EV: 11    Int: 10    God:
Gold:   0          SH:  0    Dex: 11    Spells: 0/0 levels left

rFire   . . .      SeeInvis .   a - +0 hand axe
rCold   . . .      Faith    .   (no shield)
rNeg    + . .      Spirit   .   b - +0 leather armour
rPois   inf        Reflect  .   (no helmet)
rElec   +          Harm     .   (no cloak)
rCorr   .          Rampage  .   (no gloves)
Will    .....                   (no boots)
Stlth   +++.......              (no amulet)
HPRegen 0.04/turn               (no ring)
MPRegen 0.07/turn               (no ring)

@: corroded
A: sickness immunity, AC +2, negative energy resistance 1, electricity
resistance, torment resistance 1, petrification resistance
a: no special abilities


You were on level 5 of the Dungeon.
You visited 1 branch of the dungeon, and saw 1 of its levels.


Innate Abilities, Weirdness & Mutations

You are immune to sickness and miasma.
Your stone body is resilient. (AC +2)
You are immune to poison.
You resist negative energy. (rN+)
You are resistant to electric shocks. (rElec)
You are resistant to unholy torment.
You are immune to petrification.


   Skills:
 - Level 3.2 Fighting
 + Level 2.2 Axes
 - Level 1.5 Dodging
 - Level 5.4 Stealth


You couldn't memorise any spells.
You didn't know any spells.
Your spell library was empty.

Inventory:

Hand Weapons
 a - a +0 hand axe (weapon)
Armour
 b - a +0 leather armour (worn)
Wands
 g - a wand of digging (3)
Scrolls
 c - a scroll of fog
 d - a scroll of magic mapping
 e - a scroll of fear
 h - a scroll of amnesia {unknown}
Potions
 f - a potion of haste

Dungeon Overview and Level Annotations

Branches:
Dungeon (5/15)
 Temple: D:4-7

Altars:


Message History

The worm bites you.
You slash the worm!
The worm is severely wounded.
The worm bites you.
You slash the worm!
You kill the worm!
Your Axes skill increases to level 2!
You start resting.
An orc comes into view. It is wielding a +0 short sword.
85 ||| Stepping ~*~*~tactically~*~*~ (stealth).
Found a club.
You see here a worm corpse.
You start resting.
An orc is nearby!
148 ||| Stepping ~*~*~tactically~*~*~ (stealth).
The orc shouts!
A jelly comes into view.
151 ||| Stepping ~*~*~tactically~*~*~ (stealth).
Found a lumpy golden potion.
152 ||| Stepping ~*~*~tactically~*~*~ (stealth).
The orc attacks as you move away! The orc hits you with a +0 short sword.
A phantom comes into view.
Found a rapier.
153 ||| Stepping ~*~*~tactically~*~*~ (stealth).
The jelly quivers.
You hit the orc.
The orc is heavily wounded.
The orc hits you but does no damage.
You hit the orc.
You kill the orc!
You hit the jelly.
Your hands burn!
The jelly is moderately wounded.
The jelly hits you but does no damage.
You hit the jelly. The acid corrodes you!
Your hands burn!
The jelly is severely wounded.
The jelly hits you but does no damage.
You hit the jelly. The acid corrodes you!
Your hands burn!
The jelly is almost dead.
The jelly closely misses you. The jelly hits you.
You die...

W...... .....8...
#..8...8.
##........
..8.....8
....)....
#####..8...8!
#.J@)...?8...
#!###.###........
#.J....%....#....
#####.####.......
#........#####.#
#.##...#.# #
#.##.o.#.#
#.##...#.#
#.###.##.#


You could see a jelly.

Vanquished Creatures
  A worm (D:5)
  An orc (D:5)
2 creatures vanquished.

Notes
Turn   | Place    | Note
-------+----------+-------------------------------------------
     0 | D:5      | qw the Gargoyle Delver began the quest for the Orb.
     0 | D:5      | Reached XP level 1. HP: 14/14 MP: 1/1
     0 | D:5      | 0 ||| qw: Version: 0.1-a-117-gfe26ee0
     0 | D:5      | 0 ||| qw: Game counter: 9616
     0 | D:5      | 0 ||| qw: Always use a shield: true
     0 | D:5      | 0 ||| qw: God list: Okawaru
     0 | D:5      | 0 ||| qw: Allow faded altars: false
     0 | D:5      | 0 ||| qw: Do Orc after D:15 true
     0 | D:5      | 0 ||| qw: Do second Lair branch before Depths: true
     0 | D:5      | 0 ||| qw: Lair rune preference: random
     0 | D:5      | 0 ||| qw: Plans: Normal
     0 | D:5      | 0 ||| PLANNING D:1-11
    85 | D:5      | 85 ||| Stepping ~*~*~tactically~*~*~ (stealth).
   148 | D:5      | 148 ||| Stepping ~*~*~tactically~*~*~ (stealth).
   150 | D:5      | Noticed a jelly
   151 | D:5      | 151 ||| Stepping ~*~*~tactically~*~*~ (stealth).
   152 | D:5      | 152 ||| Stepping ~*~*~tactically~*~*~ (stealth).
   152 | D:5      | Noticed a phantom
   153 | D:5      | 153 ||| Stepping ~*~*~tactically~*~*~ (stealth).
   158 | D:5      | HP: 1/14 [acid (3)]
   158 | D:5      | Slain by a jelly

Levels and vault maps discovered:
D:5:      layout_loops_corners, nicolae_uskayaw_dance_hall,
          minmay_temple_entry_junction

Skill      XL: |  1 |
---------------+----+-----
Axes           | 2 |  2.2
Fighting       | |  3.2
Dodging        | |  1.5
Stealth        | |  5.4

Action                   || total
-------------------------++-------
Melee: Hand axe          ||    10
Armor: Leather armour    ||     4
Dodge: Dodged            ||     2

Table legend:
 A = Non-vault XP
 B = Vault XP
 C = Vault XP percentage of total XP
 D = Non-vault monster count
 E = Vault monster count
 F = Vault count percentage of total count
                 A         B        C        D         E       F
            +---------+---------+-------+---------+---------+-------
      Total |       7 |       0 |   0.0 |       2 |       0 |   0.0
            +---------+---------+-------+---------+---------+-------
        D:5 |       7 |       0 |   0.0 |       2 |       0 |   0.0
            +---------+---------+-------+---------+---------+-------
